 Dungeon Crawl Stone Soup version 0.28.0-43-g3370ac3207 (webtiles) character file.

Game seed: 2787191973374048052

611 graymark the Chopper (level 7, 0/66 HPs)
             Began as a Naga Berserker on Mar 1, 2022.
             Was a Believer of Trog.
             Slain by a phantom (5 damage)
             ... on level 4 of the Dungeon.
             The game lasted 00:15:31 (4283 turns).

graymark the Chopper (Naga Berserker)               Turns: 4283, Time: 00:15:31

Health: 0/66       AC:  0    Str: 28    XL:     7   Next: 43%
Magic:  7/7        EV: 13    Int:  7    God:    Trog [**....]
Gold:   139        SH:  0    Dex: 10    Spells: 6/6 levels left

rFire   . . .      SeeInvis +   a - +0 hand axe
rCold   . . .      Faith    .   (no shield)
rNeg    . . .      Spirit   .   j - +0 ring mail
rPois   +          Reflect  .   c - +2 helmet
rElec   .          Harm     .   (no cloak)
rCorr   .          Rampage  .   (no gloves)
Will    ++...                   (no barding)
Stlth   ..........              (no amulet)
HPRegen 1.21/turn               f - +4 ring of evasion
MPRegen 0.10/turn               h - +6 ring of strength

@: strong-willed, corroded, on berserk cooldown, regenerating, slowed, very slow
A: AC +2, large, see invisible, deformed body, poison resistance, slowness 2,
spit poison 1, naga tail 1
a: Spit Poison, Renounce Religion, Berserk, Trog's Hand


You were on level 4 of the Dungeon.
You worshipped Trog.
Trog was pleased with you.
You visited 1 branch of the dungeon, and saw 4 of its levels.

You collected 139 gold pieces.

Inventory:

Hand Weapons
 a - a +0 hand axe (weapon)
 d - a +0 dagger of venom
 i - a +2 short sword of freezing
 p - a +0 flail
Armour
 b - a +0 animal skin
 c - a +2 helmet (worn)
 g - a +0 scale mail
 j - a +0 ring mail (worn)
Jewellery
 f - a +4 ring of evasion (left hand)
 h - a +6 ring of strength (right hand)
 u - a ring of flight
Scrolls
 e - 2 scrolls of teleportation
 k - a scroll of vulnerability {unknown}
 n - a scroll of fog {unknown}
 o - a scroll of magic mapping {unknown}
 q - a scroll of holy word {unknown}
 r - a scroll of fear {unknown}
 s - a scroll of noise
Potions
 l - 4 potions of curing
 m - a potion of flight
 t - a potion of heal wounds {unknown}


   Skills:
 + Level 4.8 Fighting
 + Level 4.9 Axes
 + Level 3.5 Armour
 + Level 3.5 Dodging


You had 6 spell levels left.
You didn't know any spells.
Your spell library was empty.

Dungeon Overview and Level Annotations

Branches:
Dungeon (4/15)
 Temple: D:4-7

Altars:
Dithmenos
Trog
Vehumet
Xom

Annotations:
D:4 2 transporters


Innate Abilities, Weirdness & Mutations

Your serpentine skin is tough. (AC +2)
You have supernaturally acute eyesight. (SInv)
Armour fits poorly on your strangely shaped body.
Your system is resistant to poisons. (rPois)
You cover ground very slowly.
You can spit poison.
You have a snake-like lower body.


Message History

You slash the jelly!
You kill the jelly!
Trog accepts your kill.
There is an open door here.
You feel a strong urge to attack something.
The door flies open with a bang!
You hit the phantom.
The phantom is lightly damaged.
The phantom hits you!
The phantom blinks!
You blink.
You completely miss the phantom.
The phantom is lightly damaged.
You hit the phantom.
The phantom is moderately damaged.
The phantom closely misses you.
You hit the phantom.
The phantom is heavily damaged.
You are no longer berserk.
You are exhausted.
You feel yourself slow down. The phantom barely misses you.
You hit the phantom but do no damage.
The phantom is heavily damaged.
The phantom hits you!
The phantom blinks!
You blink.
The phantom barely misses you.
You closely miss the phantom.
The phantom is heavily damaged.
The phantom hits you.
The phantom blinks!
You blink.
You hit the phantom but do no damage.
The phantom is heavily damaged.
The phantom barely misses you. The phantom hits you!
Your skin crawls.
You feel strong-willed. The phantom hits you!
* * * LOW HITPOINT WARNING * * *
The phantom barely misses you. The phantom hits you.
* * * LOW HITPOINT WARNING * * *
The phantom hits you!
* * * LOW HITPOINT WARNING * * *
The phantom hits you.
You die...

.............##..#.............#
.....©.............####........##
.#########....)..#...[.)........)
.#8P.©.P8#.....#.#####.[.........
.#P../..P#....##.....).<.........
.####+####............##.........
.#.≈...≈.#.........#####...!.....
.#.≈...≈5#..............#########
.#.≈≈PP≈.#......@W......#
.#.≈P♣≈≈.#..............#
.#?≈≈P≈≈.#.....#+##'##'##
.#5≈...≈.#.....#.##.##.##
.#5≈...≈.#...#.#'##'##'## #######
.####+####...###.......# ##......
.#≈..$..≈#...###..._...###.......
.#8P$©$P8#...####.....###........
.#########...##.#######..........


You could see a phantom.

Vanquished Creatures
  Sigmund (D:4)
  Pargi (D:3)
  2 jellies (D:4)
  An orc priest (D:3)
  A hound (D:4)
  Jessica (D:2)
  An orc wizard (D:4)
  3 iguanas (D:4)
  A hound skeleton (D:4)
  Robin (D:2)
  An adder (D:3)
  An ufetubus (D:4)
  2 worms (D:2)
  3 dart slugs
  14 orcs
  5 ball pythons
  4 endoplasms (D:3)
  5 giant cockroaches
  14 goblins
  11 hobgoblins
  3 jackals (D:1)
  3 kobolds
  2 quokkas
  6 bats
  2 frilled lizards (D:3)
  A rat (D:3)
90 creatures vanquished.

Notes
Turn   | Place    | Note
-------+----------+-------------------------------------------
     0 | D:1      | graymark the Naga Berserker began the quest for the Orb.
     0 | D:1      | Reached XP level 1. HP: 21/21 MP: 1/1
   460 | D:1      | Found a faded altar of an unknown god.
   699 | D:1      | Reached XP level 2. HP: 28/28 MP: 2/2
  1313 | D:2      | Noticed Robin
  1330 | D:2      | Reached XP level 3. HP: 32/34 MP: 3/3
  1422 | D:2      | Killed Robin
  1704 | D:2      | Reached ** piety under Trog
  1735 | D:2      | Noticed Jessica
  1738 | D:2      | Killed Jessica
  1739 | D:2      | Reached XP level 4. HP: 41/42 MP: 4/4
  1783 | D:2      | Found a shadowy altar of Dithmenos.
  2655 | D:3      | Reached XP level 5. HP: 50/50 MP: 5/5
  2765 | D:3      | Found a radiant altar of Vehumet.
  2818 | D:3      | Found a bloodstained altar of Trog.
  2837 | D:3      | Noticed Pargi
  2849 | D:3      | Killed Pargi
  3027 | D:3      | Reached XP level 6. HP: 51/57 MP: 6/6
  3356 | D:4      | Noticed Sigmund
  3478 | D:4      | Killed Sigmund
  3479 | D:4      | Reached XP level 7. HP: 66/66 MP: 7/7
  3507 | D:4      | Found a transporter.
  3900 | D:4      | Found a transporter.
  3983 | D:4      | Found a shimmering altar of Xom.
  4028 | D:4      | Reached *** piety under Trog
  4283 | D:4      | Slain by a phantom

Illustrated notes

Levels and vault maps discovered:
D:1:      doesnt_arrival_eight_statues, layout_loops_cross,
          hellmonk_ecumenical_altar_run_dry
D:2:      layout_basic, basic_altar, serial_corexii_hall,
          chequers_hall_statues_corner_a, corexii_hall_statues_t,
          grunt_ministairs_11, uniq_robin, uniq_jessica
D:3:      layout_basic, mainiacjoe_overflow_big_doors, minmay_misc_feat_pillars,
          minmay_misc_feat_four_crosses, uniq_pargi
D:4:      gammafunk_wand_slinger, layout_rooms,
          grunt_temple_overflow_order_and_chaos_2, dk_xom_monty_hall,
          uniq_sigmund

Skill      XL: |  1  2  3  4  5  6 |
---------------+-------------------+-----
Dodging        | 2 3 |  3.5
Armour         | 2 3 |  3.5
Fighting       | 4 |  4.8
Axes           | 4 |  4.9

Action                   |  1- 3 |  4- 6 |  7- 9 || total
-------------------------+-------+-------+-------++-------
Melee: Hand axe          |    99 |   158 |    92 ||   349
       Punch             |     1 |       |     1 ||     2
Invok: Berserk           |     1 |     1 |     2 ||     4
       Trog's Hand       |       |     1 |     1 ||     2
 Abil: Spit Poison       |       |     1 |       ||     1
  Use: Scroll            |       |     5 |     2 ||     7
 Stab: Sleeping          |     1 |       |       ||     1
Armor: Animal skin       |    28 |       |       ||    28
       Ring mail         |     1 |    32 |    29 ||    62
Dodge: Dodged            |    70 |    97 |    69 ||   236
